 Dungeon Crawl Stone Soup version 0.19.5 (webtiles) character file.

32 JoyousCow the Shooter (level 3, -2/23 HPs)
             Began as a High Elf Arcane Marksman on Apr 16, 2017.
             Slain by an adder (3 damage)
             ... on level 2 of the Dungeon.
             The game lasted 00:14:39 (1335 turns).

JoyousCow the Shooter (High Elf Arcane Marksman)    Turns: 1335, Time: 00:14:39

Health: -2/23      AC:  2    Str: 10    XL:     3   Next: 10%
Magic:  5/6        EV: 13    Int: 16    God:
Gold:   22         SH:  0    Dex: 16    Spells: 2 memorised, 2 levels left

rFire  x . .     SeeInvis .     o - +0 short sword
rCold  + . .     Gourm    .     e - +0 robe
rNeg   . . .     Faith    .     (no shield)
rPois  .         Spirit   .     (no helmet)
rElec  .         Reflect  .     (no cloak)
rCorr  .         Harm     .     (no gloves)
MR     .....                    (no boots)
Stlth  +.........               C - amulet of magic regeneration
                                (no ring)
                                q - ring of ice (curse)

@: lethally poisoned (-2 -> -6), very slightly contaminated
A: no striking features
a: no special abilities


You were on level 2 of the Dungeon.
You were hungry.

You visited 1 branch of the dungeon, and saw 2 of its levels.

You collected 22 gold pieces.

Inventory:

Hand Weapons
 a - a +0 shortbow
 n - a +0 dagger
 o - a +0 short sword (weapon)
 r - a +0 hunting sling
 s - a +0 dagger
 v - a +0 dagger
 w - a +0 club
 D - a +0 club
Missiles
 k - 41 stones (quivered)
 E - 11 poisoned needles
Armour
 b - a +0 helmet
 e - a +0 robe (worn)
 l - a +0 chain mail
 t - a +0 scale mail
Jewellery
 q - a cursed ring of ice (left hand)
 C - an amulet of magic regeneration (around neck)
Scrolls
 g - a scroll of recharging
 h - 2 scrolls of noise {unknown}
 i - 3 scrolls of identify
 j - a scroll of fog {unknown}
 u - a scroll of blinking {unknown}
 y - a scroll of enchant armour {unknown}
Potions
 p - a potion of curing {unknown}
 x - a potion of berserk rage {unknown}
 B - a potion of degeneration {unknown}
Books
 c - a book of Debilitation

   Spells                             Type                      Level
   a - Corona                         Hexes                        1
   b - Slow                           Hexes                        2
   c - Gell's Gravitas                Hexes/Translocation          3
   d - Inner Flame                    Hexes/Fire                   3
   e - Cause Fear                     Hexes                        4
   f - Leda's Liquefaction            Hexes/Earth                  4
Comestibles
 f - 2 bread rations
 m - 8 fruits
 z - 3 chunks of flesh
 A - a meat ration


   Skills:
 + Level 1.1 Fighting
 + Level 3.6 Bows
 + Level 0.3 Armour
 + Level 2.3 Dodging
 + Level 1.5 Spellcasting
 + Level 3.4 Hexes


You had 2 spell levels left.
You knew the following spells:

 Your Spells              Type           Power        Failure   Level  Hunger
a - Corona                Hex            ##.....      8%          1    ##.....
b - Slow                  Hex            ##......     10%         2    ###....


Dungeon Overview and Level Annotations

Branches:
Dungeon (2/15)

Altars:


Message History

You miss the adder.
The adder is almost dead.
The adder barely misses you. The adder closely misses you.
You miss the adder.
The adder is almost dead.
The adder closely misses you.
You completely miss the adder.
The adder is almost dead.
You feel sick. The adder barely misses you. x2
You barely miss the adder.
The adder is almost dead.
The adder barely misses you.
You hit the adder.
The adder is almost dead.
The adder bites you.
* * * LOW HITPOINT WARNING * * *
You barely miss the adder.
The adder is almost dead.
The adder misses you. The adder bites you.
You die...

######.##.########
#.#
........(.........>
#.#
#.#######......##
#.# #.......# #.#
#.......# #.#
#.......# #.#
#.......# #.#
####.....S.# #.#
.............@# #.#
#.#####.......# #.#
#.......# #.#
#.......# #.#
#.......# #.#
#######.# #.# ##
#.# #.# .. #.# #.#
#.#<#######.#


You could see an adder.

Vanquished Creatures
  An adder (D:2)
  A dart slug (D:2)
  A leopard gecko (D:1)
  2 giant cockroaches
  3 hobgoblins
  A quokka (D:2)
  A ball python (D:2)
  3 bats
  3 goblins
  2 kobolds (D:1)
  2 rats
20 creatures vanquished.

Notes
Turn   | Place    | Note
-------+----------+-------------------------------------------
     0 | D:1      | JoyousCow the High Elf Arcane Marksman began the quest for the Orb.
     0 | D:1      | Reached XP level 1. HP: 13/13 MP: 3/3
   935 | D:1      | Reached XP level 2. HP: 18/18 MP: 4/4
  1085 | D:2      | Learned a level 2 spell: Slow
  1224 | D:2      | Reached XP level 3. HP: 23/23 MP: 1/6
  1334 | D:2      | HP: 1/23 [adder (4)]
  1335 | D:2      | Slain by an adder

Skill      XL: |  1 |
---------------+----+-----
Bows           | 3 |  3.6
Fighting       | |  1.1
Armour         | |  0.3
Dodging        | |  2.3
Spellcasting   | |  1.5
Hexes          | |  3.4

Action                   || total
-------------------------++-------
Melee: Short sword       ||    13
 Fire: Shortbow          ||    71
Throw: Stone             ||     1
 Cast: Corona            ||     5
       Slow              ||     4
  Use: Scroll            ||     1
  Eat: Chunk             ||     1
Armor: Chain mail        ||    11
       Robe              ||     7
Dodge: Dodged            ||    25
